 Dungeon Sprint DCSS version 0.29.1-15-g9cfb28693d (webtiles) character file.

Game seed: 4971752440161116624

35055 Groucho the Acrobat (level 13, -3/72 HPs)
             Began as a Spriggan Enchanter on Apr 7, 2023.
             Was the Champion of Dithmenos.
             Succumbed to poison (poison gas)
             ... in the Dungeon (Sprint IX: "|||||||||||||||||||||||||||||").
             The game lasted 00:21:17 (9454 turns).

Groucho the Acrobat (Spriggan Enchanter)            Turns: 9454, Time: 00:21:18

Health: -3/72      AC:  7    Str:  8    XL:     13   Next: 45%
Magic:  25/37      EV: 35    Int: 17    God:    Dithmenos [******]
Gold:   1519       SH:  0    Dex: 19    Spells: 31/51 levels left

rFire   + . .      SeeInvis +   w - +3 quick blade
rCold   + . .      Faith    .   (no shield)
rNeg    . . .      Spirit   .   x - +2 robe {rC+ rF+}
rPois   .          Reflect  .   (helmet restricted)
rElec   .          Harm     .   s - +0 cloak
rCorr   .          Rampage  .   (gloves unavailable)
Will    ++...      NoTele   +   (boots unavailable) Stlth **++++++++
                                (no amulet)
HPRegen 0.22/turn               m - +3 ring of dexterity
MPRegen 0.25/turn               n - +2 ring of protection

@: lethally poisoned (-3 -> -19), wreathed by umbra, very quick
A: very small, no large weapons, unfitting armour, see invisible, speed 3
a: Renounce Religion, Shadow Step, Shadow Form


You were in the Dungeon.
You worshipped Dithmenos.
Dithmenos was exalted by your worship.
You visited 1 branch You collected 1915 gold pieces.
You spent 396 gold pieces at shops.

Inventory:

Hand Weapons
 a - a +1 dagger
 k - a +2 rapier of electrocution
 w - a +3 quick blade (weapon)
Missiles
 l - 4 curare-tipped darts (quivered)
Armour
 s - a +0 cloak (worn)
 x - a +2 robe of resistance (worn)
Jewellery
 m - a +3 ring of dexterity (left hand)
 n - a +2 ring of protection (right hand)
 t - a ring of willpower
 u - a ring of protection from fire
 v - a ring of flight
Wands
 j - a wand of light (6)
Scrolls
 f - 2 scrolls of amnesia
 i - 4 scrolls of blinking
 p - a scroll of identify
 q - 4 scrolls of enchant weapon
 r - 2 scrolls of fear
 y - 2 scrolls of enchant armour
 z - 2 scrolls of fog
Potions
 b - 2 potions of brilliance
 c - a potion of invisibility
 d - 6 potions of curing
 e - 3 potions of heal wounds
 g - 4 potions of magic
 h - a potion of berserk rage
 o - 2 potions of might
 A - a potion of lignification {unknown}


   Skills:
 + Level 10.7 Fighting
 + Level 13.9 Short Blades
 + Level 21.5 Dodging
 - Level 15.0 Stealth
 + Level 19.8 Spellcasting
 + Level 19.8 Hexes
 + Level 12.7 Invocations


You had 31 spell levels left.
You knew the following spells:

 Your Spells              Type           Power      Damage    Failure   Level
a - Ensorcelled Hibernat  Hex/Ice        100%       N/A       1%          2
b - Confusing Touch       Hex            71%        N/A       0%          3
c - Dazzling Flash        Conj/Hex       100%       N/A       1%          3
d - Cause Fear            Hex            35%        N/A       0%          4
e - Discord               Hex            35%        N/A       6%          8

Your spell library contained the following spells:

 Spells                   Type           Power      Damage    Failure   Level
 Tukima's Dance           Hex            71%        N/A       0%          3
 Inner Flame              Hex/Fire       50%        N/A       1%          3


Dungeon Overview and Level Annotations

Branches:
Dungeon (1/1)

Altars:
Cheibriados
Dithmenos
Elyvilon
Fedhas
Gozag
Hepliaklqana
Kikubaaqudgha
Makhleb
Nemelex Xobeh
Okawaru
Qazlal
Ru
Sif Muna
Trog
Uskayaw
Vehumet
Wu Jian
Xom
Yredelemnul
Zin
The Shining One
Jiyva
Lugonu

Shops:
D ((:*


Innate Abilities, Weirdness & Mutations

You are very small and have problems with some larger weapons.
You are too small for most types of armour.
You have supernaturally acute eyesight. (SInv)
You cover ground extremely quickly. (Speed+++)


Message History

You are poisoned.
You hear a roar!
Unknown command.
Casting: Ensorcelled Hibernation (safe; 1% risk of failure)
Confirm with . or Enter, or press ? or * to list all spells.
Aiming: Ensorcelled Hibernation (safe; 1% risk of failure)
Press: ? - help, Shift-Dir - straight line, f/p - swamp dragon
Aim: a swamp dragon (catching its breath, umbra, chance to affect: 54%)
The swamp dragon looks drowsy...
You are engulfed in poison gas.
You are more poisoned.
You feel very sick.
Okay, then.
An eight-headed hydra comes into view.
You are engulfed in poison gas.
You are more poisoned.
You emit a cloud of dark smoke.
You feel very sick.
The eight-headed hydra moves out of view.
Things that are here:
a +0 club; a +0 robe The helpless swamp dragon fails to defend itself.
You stick the swamp dragon like a pincushion!!!!
You kill the swamp dragon!
Dithmenos accepts your kill.
You are engulfed in poison gas.
You are more poisoned.
You emit a cloud of dark smoke.
You feel very sick.
Okay, then.
You are engulfed in poison gas.
You are more poisoned.
* * * LOW HITPOINT WARNING * * *
You feel extremely sick.
You feel better.
You are engulfed in poison gas.
You are lethally poisoned!
* * * LOW HITPOINT WARNING * * *
x2 You feel very sick.
You feel better.
You are engulfed in poison gas.
You are lethally poisoned!
* * * LOW HITPOINT WARNING * * *
You die...

..)')..).).....)'.).).))))))))'..
▓▓▓▓▓▓▓▓▓▓▓▓▓▓▓▓▓▓▓▓▓▓▓▓▓▓▓▓▓▓▓▓▓
...........)..........).......)..
▓▓▓▓▓▓▓▓▓▓▓▓▓▓▓▓▓▓▓▓▓▓▓▓▓▓▓▓▓▓▓▓▓
.'..........[[[[[[[[())))))))....
▓▓▓▓▓▓▓▓▓▓▓▓▓▓▓▓▓▓▓▓▓▓▓▓▓▓▓▓▓▓▓▓▓
........................†........
▓▓▓▓▓▓▓▓▓▓▓▓▓▓▓▓▓▓▓▓▓▓▓▓▓▓▓▓▓▓▓▓▓
§.....))'D..t§§t@.'°)...○...'....
▓▓▓▓▓▓▓▓▓▓▓▓▓▓▓▓▓▓▓▓▓▓▓▓▓▓▓▓▓▓▓▓▓


You could see an alligator.

Vanquished Creatures
  A fire giant (D)
  An emperor scorpion (D)
  A stone giant (D)
  An eleionoma (D)
  An entropy weaver (D)
  2 ettins (D)
  2 hydras (D)
  A rakshasa (D)
  A boulder beetle (D)
  3 ogre magi (D)
  An anaconda (D)
  A two-headed ogre (D)
  2 deep troll earth magi (D)
  A deep troll shaman (D)
  A tengu warrior (D)
  An orc high priest (D)
  Nergalle (D)
  Sonja (D)
  A pharaoh ant (D)
  A sea snake (D)
  A goliath frog (D)
  A steelbarb worm (D)
  A naga ritualist (D)
  7 orc knights (D)
  A swamp dragon (D)
  A lindwurm (D)
  3 deep elf pyromancers (D)
  A harpy (D)
  2 mana vipers (D)
  2 orc sorcerers (D)
  A cyclops (D)
  A manticore (D)
  A moth of wrath (D)
  A naga mage (D)
  A merfolk siren (D)
  6 black mambas (D)
  2 torpor snails (D)
  4 cane toads (D)
  2 merfolk (D)
  A polar bear (D)
  A troll (D)
  A slime creature (D)
  A tarantella (D)
  A blink frog (D)
  3 tyrant leeches (D)
  2 snapping turtles (D)
  A culicivora (D)
  2 wraiths (D)
  A water elemental (D)
  2 yaks (D)
  2 wyverns (D)
  A basilisk (D)
  A naga (D)
  An acid dragon (D)
  2 water moccasins (D)
  6 orc warriors (D)
  A black bear (D)
  A wolf (D)
  A bullfrog (D)
  A hound (D)
  3 orc priests (D)
  An iguana (D)
  4 orc wizards (D)
  An adder (D)
  An ufetubus (D)
  5 worms (D)
  16 orcs (D)
  A ball python (D)
  A bat (D)
  A hobgoblin (D)
  2 rats (D)
133 creatures vanquished.

Vanquished Creatures (others)
  A shadow (D)
  A foxfire (D)
2 creatures vanquished.

Grand Total: 135 creatures vanquished

Notes
Turn   | Place    | Note
-------+----------+-------------------------------------------
     0 | D        | Groucho the Spriggan Enchanter began the quest for the Orb.
     0 | D        | Reached XP level 1. HP: 9/9 MP: 5/5
    10 | D        | Reached skill level 3 in Dodging
    10 | D        | Reached skill level 5 in Stealth
    25 | D        | Noticed an iguana
    25 | D        | Noticed a hound
    27 | D        | Killed a hound
    28 | D        | Reached skill level 4 in Dodging
    28 | D        | Reached XP level 2. HP: 12/13 MP: 6/8
    28 | D        | Reached XP level 3. HP: 15/16 MP: 6/9
    32 | D        | Reached skill level 5 in Hexes
    34 | D        | Reached XP level 4. HP: 19/21 MP: 6/11
    37 | D        | Reached skill level 5 in Dodging
    38 | D        | Found a snail-covered altar of Cheibriados.
    38 | D        | Found a shadowy altar of Dithmenos.
    38 | D        | Found a white marble altar of Elyvilon.
    38 | D        | Found a blossoming altar of Fedhas.
    38 | D        | Found an opulent altar of Gozag.
    39 | D        | Found a hazy altar of Hepliaklqana.
    40 | D        | Found a viscous altar of Jiyva.
    41 | D        | Found an ancient bone altar of Kikubaaqudgha.
    42 | D        | Found a corrupted altar of Lugonu.
    43 | D        | Became a worshipper of Dithmenos the Shadowed
    44 | D        | Found a burning altar of Makhleb.
    45 | D        | Found a sparkling altar of Nemelex Xobeh.
    46 | D        | Found an iron altar of Okawaru.
    47 | D        | Found a stormy altar of Qazlal.
    48 | D        | Found a sacrificial altar of Ru.
    49 | D        | Found a shimmering blue altar of Sif Muna.
    50 | D        | Found a bloodstained altar of Trog.
    51 | D        | Found a hide-covered altar of Uskayaw.
    52 | D        | Found a radiant altar of Vehumet.
    53 | D        | Found an ornate altar of the Wu Jian Council.
    54 | D        | Found a shimmering altar of Xom.
    55 | D        | Found a basalt altar of Yredelemnul.
    56 | D        | Found a glowing silver altar of Zin.
    57 | D        | Found a glowing golden altar of the Shining One.
    99 | D        | Noticed a yak
    99 | D        | Noticed a wyvern
    99 | D        | Noticed a wraith
    99 | D        | Noticed a troll
    99 | D        | Noticed a two-headed ogre
    99 | D        | Noticed an acid dragon
   103 | D        | Killed an acid dragon
   104 | D        | Reached skill level 6 in Dodging
   104 | D        | Reached skill level 5 in Spellcasting
   104 | D        | Reached XP level 5. HP: 13/24 MP: 12/14
   106 | D        | Killed a two-headed ogre
   107 | D        | Reached skill level 9 in Dodging
   107 | D        | Reached skill level 15 in Stealth
   107 | D        | Reached XP level 6. HP: 16/28 MP: 12/18
   107 | D        | Reached XP level 7. HP: 18/32 MP: 13/20
   114 | D        | Killed a troll
   114 | D        | Reached * piety under Dithmenos
   171 | D        | Learned a level 2 spell: Ensorcelled Hibernation
   175 | D        | Learned a level 3 spell: Confusing Touch
   179 | D        | Learned a level 3 spell: Dazzling Flash
   222 | D        | Killed a wraith
   223 | D        | Reached skill level 10 in Dodging
   223 | D        | Reached skill level 10 in Hexes
   223 | D        | Reached XP level 8. HP: 36/36 MP: 18/22
   225 | D        | Reached skill level 10 in Spellcasting
   238 | D        | Reached ** piety under Dithmenos
   279 | D        | Noticed a deep elf pyromancer
   279 | D        | Noticed a cyclops
   279 | D        | Noticed a tengu warrior
   279 | D        | Noticed a slime creature
   564 | D        | Killed a slime creature
   565 | D        | Reached skill level 11 in Dodging
   600 | D        | Killed a tengu warrior
   601 | D        | Reached skill level 10 in Short Blades
   601 | D        | Reached skill level 12 in Dodging
   601 | D        | Reached XP level 9. HP: 39/39 MP: 16/25
   663 | D        | Reached *** piety under Dithmenos
   714 | D        | Killed a cyclops
   715 | D        | Reached skill level 13 in Dodging
   723 | D        | Killed a deep elf pyromancer
   898 | D        | Noticed a cane toad
   898 | D        | Noticed a black mamba
   903 | D        | Killed a black mamba
   904 | D        | Reached skill level 14 in Dodging
  1105 | D        | Killed a cane toad
  1105 | D        | Reached **** piety under Dithmenos
  1106 | D        | Reached skill level 15 in Dodging
  1106 | D        | Reached XP level 10. HP: 44/44 MP: 21/28
  1107 | D        | Noticed a cane toad
  1111 | D        | Reached skill level 1 in Fighting
  1111 | D        | Reached skill level 1 in Invocations
  1120 | D        | Killed a cane toad
  1122 | D        | Reached ***** piety under Dithmenos
  1393 | D        | Noticed a boulder beetle
  1393 | D        | Noticed a cane toad
  1393 | D        | Noticed a black mamba
  1394 | D        | Noticed a cane toad
  1398 | D        | Noticed a black mamba
  1401 | D        | Killed a black mamba
  1405 | D        | Killed a cane toad
  1408 | D        | Killed a boulder beetle
  1409 | D        | Reached skill level 16 in Dodging
  1410 | D        | Killed a cane toad
  1411 | D        | Reached skill level 15 in Spellcasting
  1411 | D        | Reached skill level 15 in Hexes
  1415 | D        | Reached skill level 5 in Invocations
  1417 | D        | Killed a black mamba
  1582 | D        | Noticed a lindwurm
  1584 | D        | Reached ****** piety under Dithmenos
  1586 | D        | Killed a lindwurm
  1591 | D        | Reached XP level 11. HP: 54/54 MP: 31/31
  1595 | D        | Reached skill level 5 in Fighting
  2275 | D        | Noticed an orc knight
  2412 | D        | Killed an orc knight
  2413 | D        | Reached skill level 17 in Dodging
  2491 | D        | Noticed an orc knight
  2503 | D        | Killed an orc knight
  2656 | D        | Noticed an orc knight
  2660 | D        | Killed an orc knight
  2772 | D        | Found Zoruri's General Store.
  2772 | D        | Noticed an orc sorcerer
  2772 | D        | Noticed an orc sorcerer
  2773 | D        | Noticed an orc knight
  2887 | D        | Killed an orc sorcerer
  2924 | D        | Killed an orc sorcerer
  2936 | D        | Killed an orc knight
  3410 | D        | Found Otagg's Book Shop.
  3414 | D        | Found Tautoifo's Antique Weapon Boutique.
  3418 | D        | Found Qet Sel's Antique Weapon Shop.
  3420 | D        | Noticed an orc high priest
  3422 | D        | Noticed an orc knight
  3735 | D        | Killed an orc high priest
  3736 | D        | Reached skill level 18 in Dodging
  3808 | D        | Noticed an orc knight
  3809 | D        | Killed an orc knight
  3813 | D        | Killed an orc knight
  4186 | D        | Bought a book of Hexes for 396 gold pieces
  4191 | D        | Learned a level 4 spell: Cause Fear
  4200 | D        | Learned a level 8 spell: Discord
  4345 | D        | Noticed Sonja
  4348 | D        | Killed Sonja
  4492 | D        | Noticed an ogre mage
  4492 | D        | Noticed an orc knight
  4492 | D        | Noticed an ogre mage
  4492 | D        | Noticed an ogre mage
  4492 | D        | Noticed an eight-headed hydra
  4492 | D        | Noticed a deep elf pyromancer
  4493 | D        | Noticed a rakshasa
  4680 | D        | Killed a deep elf pyromancer
  4916 | D        | Killed an eight-headed hydra
  5110 | D        | Killed an ogre mage
  5120 | D        | Killed an ogre mage
  5121 | D        | Reached XP level 12. HP: 51/64 MP: 5/34
  5359 | D        | Killed an ogre mage
  5360 | D        | Reached skill level 19 in Dodging
  5386 | D        | Noticed a fire giant
  5396 | D        | Noticed a fire giant
  5722 | D        | Killed a rakshasa
  6019 | D        | Killed a fire giant
  6020 | D        | Reached skill level 10 in Invocations
  6586 | D        | Noticed an ettin
  6589 | D        | Killed an ettin
  6784 | D        | Noticed a deep troll shaman
  6788 | D        | Killed a deep troll shaman
  6790 | D        | Noticed a deep troll earth mage
  6798 | D        | Killed a deep troll earth mage
  6850 | D        | Noticed a deep troll earth mage
  6858 | D        | Killed a deep troll earth mage
  6880 | D        | Noticed a stone giant
  6881 | D        | Noticed an ettin
  6958 | D        | Killed a stone giant
  7424 | D        | Killed an ettin
  7480 | D        | Noticed Nergalle
  7484 | D        | Killed Nergalle
  7485 | D        | Reached skill level 20 in Dodging
  7578 | D        | Noticed an emperor scorpion
  7578 | D        | Noticed an entropy weaver
  7584 | D        | Killed an entropy weaver
  7654 | D        | Killed an emperor scorpion
  8032 | D        | Reached XP level 13. HP: 72/72 MP: 33/37
  8295 | D        | Reached skill level 10 in Fighting
  8655 | D        | Reached skill level 21 in Dodging
  9069 | D        | Noticed an eleionoma
  9081 | D        | Killed an eleionoma
  9453 | D        | HP: 3/72 [poison (poison gas)]
  9454 | D        | HP: 1/72 [something (7)]
  9454 | D        | Succumbed to poison (poison gas)

Illustrated notes

Levels and vault maps discovered:
D:        linesprint [early_d, line_temple, items_1, d_10, items_2, lair_1,
          lair_end, items_3, orc_1, orc_end, items_4, d_15, swamp_1, shoals_1,
          snake_1, spider_1, d_20, vaults_1, items_5, swamp_end, shoals_end,
          snake_end, spider_end, vaults_end, d_27, items_6, zot_1, zot_end,
          crypt_end, forest_end, elf_end, slime_end, tomb_end, abyss_end,
          pan_hell_end]

Skill      XL: |  1  2  3  4  5  6  7  8  9 10 11 12 13 |
---------------+----------------------------------------+-----
Dodging        | 4 6 9 10 12 15 16 18 20 21 | 21.5
Stealth        | 7 8 11 15 | 15.0
Spellcasting   | 4 5 8 9 11 13 15 17 19 | 19.8
Hexes          | 4 5 6 9 10 11 14 15 17 18 19 | 19.8
Short Blades   | 3 4 7 8 10 12 13 | 13.9
Fighting       | 4 7 9 10 | 10.7
Invocations    | 6 9 11 12 | 12.7

Action                   |  1- 3 |  4- 6 |  7- 9 | 10-12 | 13-15 || total
-------------------------+-------+-------+-------+-------+-------++-------
Melee: Dagger            |    17 |     8 |    45 |   101 |       ||   171
       Punch             |       |       |     1 |     1 |     1 ||     3
       Quick blade       |       |       |       |    65 |    72 ||   137
 Cast: Confusing Touch   |       |       |     5 |    11 |    10 ||    26
       Ensorcelled Hiber |       |       |    19 |   115 |    27 ||   161
       Dazzling Flash    |       |       |       |     1 |       ||     1
Invok: Shadow Step       |       |       |     2 |    28 |     2 ||    32
Evoke: Wand              |       |       |       |       |     4 ||     4
  Use: Potion            |     2 |     1 |     1 |     2 |     3 ||     9
 Stab: Sleeping          |     8 |       |     8 |    73 |    14 ||   103
       Invisible         |       |     4 |     1 |     3 |       ||     8
       Confused          |       |       |     6 |    11 |    12 ||    29
       Distracted        |       |       |     1 |     2 |       ||     3
Armor: Robe              |       |       |       |     5 |     1 ||     6
Dodge: Dodged            |    10 |     4 |    28 |    52 |    49 ||   143
